[Event "42nd Olympiad Baku 2016 Open"]
[Site "Baku"]
[Date "2016.09.04"]
[Round "3.21"]
[White "Vocaturo, Daniele"]
[Black "Solak, Dragan"]
[Result "1/2-1/2"]
[ECO "B12"]
[WhiteElo "2583"]
[BlackElo "2635"]
[Annotator ""]
[PlyCount "185"]
[EventDate "2016.??.??"]
[EventCountry "AZE"]
[SourceTitle "playchess.com"]
[Source "ChessBase"]
[WhiteTeam "Italy"]
[BlackTeam "Turkey"]
[WhiteTeamCountry "ITA"]
[BlackTeamCountry "TUR"]
[TimeControl "40/5400+30:1800+30"]

1. e4 {(00:00)} c6 {(00:00)} 2. d4 {(00:15)} d5 {(
00:00)} 3. e5 {(00:27)} Bf5 {(00:00)} 4. Nf3 {(00:12)} e6
{(00:00)} 5. Be2 {(00:33)} Bg6 {(02:06)} 6. O-O {(
01:50)} Ne7 {(00:09)} 7. Nbd2 {(01:25)} Nf5 {(00:13)} 8.
c4 {(01:53)} Na6 {(22:41)} 9. cxd5 {(29:05)} Qxd5 {
(01:33)} 10. Bc4 {(00:12)} Qd7 {(04:58)} 11. Bxa6 {
(01:13)} bxa6 {(00:05)} 12. Nb3 {(00:13)} Qd5 {(06:
37)} 13. h3 {(02:33)} Rb8 {(13:34)} 14. Bd2 {(04:07)} Be7
{(02:32)} 15. Rc1 {(02:34)} O-O {(00:21)} 16. Qe2 {
(01:23)} Rb6 {(08:58)} 17. Rc4 {(01:50)} Rfb8 {(02:
33)} 18. Rfc1 {(02:06)} h5 {(03:19)} 19. Bc3 {(04:38)} Rb5
{(09:31)} 20. Rd1 {(10:01)} Rd8 {(05:31)} 21. Ra4 {
(04:30)} c5 {(00:52)} 22. Rxa6 {(03:25)} cxd4 {(00:
35)} 23. Nbxd4 {(01:40)} Rb7 {(01:00)} 24. Rd2 {(03:05)}
Nxd4 {(01:45)} 25. Rxd4 {(03:36)} Qc5 {(00:10)} 26. Rxd8+
{(01:30)} Bxd8 {(00:03)} 27. Rd6 {(00:10)} Be7 {(
00:37)} 28. Rd4 {(01:32)} Qc6 {(03:36)} 29. Qd2 {(04:27)}
Rb8 {(06:17)} 30. Rd7 {(01:43)} Kf8 {(02:53)} 31. Rxa7 {
(02:25)} Rd8 {(00:15)} 32. Qf4 {(01:26)} Qe4 {(01:
32)} 33. Ra4 {(01:38)} Qb1+ {(00:52)} 34. Kh2 {(00:04)}
Kg8 {(00:53)} 35. Bd4 {(02:30)} Qd3 {(00:57)} 36. Be3 {
(01:06)} Qb5 {(00:28)} 37. Ra7 {(00:17)} Bf8 {(00:
28)} 38. Nh4 {(01:08)} Kh7 {(00:33)} 39. Nxg6 {(02:20)}
fxg6 {(00:03)} 40. Rf7 {(00:00)} Kg8 {(00:00)} 41. b3 {
(04:46)} Ra8 {(07:14)} 42. Rc7 {(05:56)} Kh7 {(00:
47)} 43. Ra7 {(03:53)} Rxa7 {(00:53)} 44. Bxa7 {(00:07)}
Ba3 {(01:12)} 45. Qe3 {(03:21)} Qf1 {(03:24)} 46. Qb6 {
(05:29)} Qe2 {(07:21)} 47. Qxe6 {(01:11)} Qxa2 {(
01:06)} 48. Be3 {(00:39)} Qc2 {(00:35)} 49. Qc4 {(00:51)}
Qf5 {(00:49)} 50. Qc3 {(00:59)} Qe4 {(01:12)} 51. Bc5 {
(02:18)} Bxc5 {(02:34)} 52. Qxc5 {(00:03)} h4 {(00:
50)} 53. Qe3 {(01:00)} Qd5 {(00:25)} 54. e6 {(02:03)} Qd6+
{(00:16)} 55. f4 {(00:06)} Qe7 {(00:31)} 56. b4 {(
01:00)} g5 {(00:16)} 57. fxg5 {(01:01)} Qd6+ {(00:15)} 58.
Kh1 {(00:42)} Qxb4 {(02:04)} 59. e7 {(01:27)} Qb1+ {
(00:31)} 60. Kh2 {(00:03)} Qb8+ {(00:06)} 61. g3 {(
01:40)} Qb2+ {(00:28)} 62. Kg1 {(00:10)} Qb1+ {(00:52)}
63. Kg2 {(00:21)} Qc2+ {(00:27)} 64. Kf3 {(00:24)} Qf5+ {
(01:49)} 65. Qf4 {(00:34)} Qd3+ {(00:24)} 66. Kg4 {
(00:35)} Qe2+ {(00:47)} 67. Qf3 {(00:29)} Qc4+ {(
01:12)} 68. Qf4 {(00:12)} Qe2+ {(00:06)} 69. Kf5 {(00:41)}
g6+ {(03:32)} 70. Kf6 {(00:24)} Qa6+ {(00:19)} 71. Ke5 {
(01:27)} Qb5+ {(01:09)} 72. Ke6 {(00:19)} Qb3+ {(
00:53)} 73. Kd7 {(00:58)} Qb5+ {(00:39)} 74. Kd8 {(01:17)}
Qd5+ {(00:23)} 75. Ke8 {(00:38)} Qa8+ {(02:07)} 76. Kf7 {
(00:39)} Qa2+ {(00:20)} 77. Kf6 {(00:05)} Qa6+ {(
00:05)} 78. Ke5 {(00:13)} Qb5+ {(00:03)} 79. Ke4 {(00:33)}
Qb7+ {(01:43)} 80. Kd3 {(00:20)} Qd7+ {(01:20)} 81. Qd4 {
(00:11)} Qxe7 {(00:09)} 82. Qxh4+ {(00:07)} Kg8 {(
00:09)} 83. Qc4+ {(00:21)} Kh7 {(00:04)} 84. Qd5 {(01:22)}
Qc7 {(00:15)} 85. Ke4 {(00:41)} Qc2+ {(00:22)} 86. Kf4 {
(01:40)} Qf2+ {(00:31)} 87. Ke4 {(00:53)} Qg2+ {(
00:21)} 88. Kd4 {(00:15)} Qxh3 {(02:04)} 89. Qf7+ {(00:08]
} Kh8 {(00:02)} 90. Qxg6 {(00:15)} Qd7+ {(00:44)} 91. Ke3
{(00:24)} Qd4+ {(00:14)} 92. Kf3 {(00:07)} Qf4+ {(
00:13)} 93. gxf4 1/2-1/2

[Event "42nd Olympiad Baku 2016 Open"]
[Site "Baku"]
[Date "2016.09.04"]
[Round "3.9"]
[White "Volodin, Aleksandr"]
[Black "Nyback, Tomi"]
[Result "1/2-1/2"]
[ECO "A49"]
[WhiteElo "2473"]
[BlackElo "2580"]
[Annotator ""]
[PlyCount "60"]
[EventDate "2016.??.??"]
[EventCountry "AZE"]
[SourceTitle "playchess.com"]
[Source "ChessBase"]
[WhiteTeam "Estonia"]
[BlackTeam "Finland"]
[WhiteTeamCountry "EST"]
[BlackTeamCountry "FIN"]
[TimeControl "40/5400+30:1800+30"]

1. d4 {(00:00)} Nf6 {(00:00)} 2. Nf3 {(00:00)} g6 {
(00:00)} 3. g3 {(00:00)} Bg7 {(00:25)} 4. Bg2 {(00:
00)} c5 {(00:28)} 5. d5 {(06:16)} d6 {(01:42)} 6. O-O {
(04:23)} b5 {(04:18)} 7. c4 {(01:41)} bxc4 {(03:29]
} 8. Nfd2 {(00:40)} O-O {(11:56)} 9. Nxc4 {(01:40)} Ba6 {
(03:33)} 10. Qc2 {(04:57)} Nbd7 {(03:28)} 11. Rd1 {
(06:01)} Nb6 {(17:24)} 12. Nba3 {(00:38)} Nfd7 {(
12:59)} 13. Rb1 {(04:50)} Nxc4 {(05:05)} 14. Nxc4 {(00:10]
} Bxc4 {(00:24)} 15. Qxc4 {(00:06)} a5 {(00:06)} 16. b3 {
(04:27)} Qb6 {(04:42)} 17. Bh3 {(02:43)} Nf6 {(00:
33)} 18. Bg5 {(05:49)} Rfb8 {(03:31)} 19. Bxf6 {(06:42)}
Bxf6 {(02:40)} 20. Bd7 {(00:06)} Qb4 {(02:00)} 21. Rdc1 {
(02:33)} Qa3 {(04:42)} 22. Qa4 {(00:09)} Qxa4 {(00:
42)} 23. Bxa4 {(00:08)} Rb4 {(00:13)} 24. Rc4 {(00:08)}
Rab8 {(02:44)} 25. Rbc1 {(01:12)} Rxc4 {(00:09)} 26. Rxc4
{(00:05)} Rb4 {(00:09)} 27. Bd7 {(01:18)} Rxc4 {(
00:26)} 28. bxc4 {(00:04)} Kg7 {(00:10)} 29. f4 {(00:23)}
Bd4+ {(00:09)} 30. Kg2 {(00:04)} Kf6 {(00:10)} 1/2-1/2

[Event "42nd Olympiad Baku 2016 Open"]
[Site "Baku"]
[Date "2016.09.04"]
[Round "3.40"]
[White "Volokitin, Andrei"]
[Black "Fridman, Daniel"]
[Result "1-0"]
[ECO "B12"]
[WhiteElo "2647"]
[BlackElo "2618"]
[Annotator ""]
[PlyCount "45"]
[EventDate "2016.??.??"]
[EventCountry "AZE"]
[SourceTitle "playchess.com"]
[Source "ChessBase"]
[WhiteTeam "Ukraine"]
[BlackTeam "Germany"]
[WhiteTeamCountry "UKR"]
[BlackTeamCountry "GER"]
[TimeControl "40/5400+30:1800+30"]

1. e4 {(00:00)} c6 {(00:00)} 2. d4 {(00:29)} d5 {(
00:00)} 3. e5 {(00:44)} Bf5 {(00:00)} 4. Nf3 {(00:16)} e6
{(00:00)} 5. Be2 {(00:19)} c5 {(00:16)} 6. Be3 {(
00:10)} cxd4 {(01:02)} 7. Nxd4 {(00:08)} Ne7 {(00:07)} 8.
O-O {(06:18)} Nbc6 {(02:29)} 9. Bb5 {(00:30)} Bg6 {
(29:18)} 10. c4 {(13:58)} a6 {(00:25)} 11. cxd5 {(
01:11)} Qxd5 {(07:30)} 12. Nc3 {(03:27)} Qxe5 {(15:00)}
13. Ba4 {(02:27)} Rc8 {(10:30)} 14. Rc1 {(05:43)} Nf5 {
(05:32)} 15. Nxc6 {(30:54)} bxc6 {(00:08)} 16. Ne2 {
(02:10)} Nxe3 {(07:54)} 17. Rxc6 {(00:28)} Ke7 {(
02:02)} 18. fxe3 {(05:57)} Qxe3+ {(00:10)} 19. Kh1 {(01:
03)} Rxc6 {(00:09)} 20. Bxc6 {(00:03)} Qd3 {(06:36)} 21.
Qa4 {(00:54)} e5 {(06:39)} 22. Rd1 {(01:15)} Qxe2 {
(02:27)} 23. Qb4+ {(00:11)} 1-0

[Event "42nd Olympiad Baku 2016 Open"]
[Site "Baku"]
[Date "2016.09.04"]
[Round "3.7"]
[White "Winter Atwell, Adrian"]
[Black "Macias Murillo, Bryan"]
[Result "0-1"]
[ECO "B23"]
[WhiteElo "2158"]
[BlackElo "2276"]
[Annotator ""]
[PlyCount "82"]
[EventDate "2016.??.??"]
[EventCountry "AZE"]
[SourceTitle "playchess.com"]
[Source "ChessBase"]
[WhiteTeam "TTO"]
[BlackTeam "Ecuador"]
[BlackTeamCountry "ECU"]
[TimeControl "40/5400+30:1800+30"]

1. e4 {(00:00)} c5 {(00:00)} 2. Nc3 {(00:00)} e6 {(
00:17)} 3. g3 {(00:24)} d5 {(00:05)} 4. exd5 {(00:17)}
exd5 {(00:07)} 5. d4 {(00:15)} cxd4 {(00:36)} 6. Qxd4 {
(00:15)} Be6 {(00:18)} 7. Nf3 {(01:56)} Nc6 {(00:
06)} 8. Bb5 {(04:00)} a6 {(18:05)} 9. Bxc6+ {(00:18)} bxc6
{(00:03)} 10. Ne5 {(06:29)} Rc8 {(11:46)} 11. Bf4 {
(02:37)} Qa5 {(03:31)} 12. O-O {(01:51)} Nf6 {(04:
16)} 13. Qa7 {(03:41)} Bc5 {(04:34)} 14. Qb7 {(00:11)} Qb6
{(00:42)} 15. Qxb6 {(01:12)} Bxb6 {(00:40)} 16. Na4 {
(03:04)} Ba7 {(00:21)} 17. Nd3 {(02:11)} c5 {(01:
54)} 18. Kg2 {(08:53)} c4 {(04:11)} 19. Nb4 {(03:26)} a5 {
(01:24)} 20. Na6 {(00:08)} O-O {(03:38)} 21. Bd6 {(
06:10)} Rc6 {(08:51)} 22. Bxf8 {(02:34)} Kxf8 {(00:08)}
23. b4 {(08:24)} cxb3 {(05:42)} 24. cxb3 {(09:51)} Rxa6 {
(00:06)} 25. Rac1 {(00:12)} Ne8 {(00:46)} 26. Nc5 {
(00:15)} Bxc5 {(04:12)} 27. Rxc5 {(00:08)} a4 {(12:
24)} 28. b4 {(00:50)} Nd6 {(00:35)} 29. Ra5 {(03:22)} Bc8
{(00:15)} 30. f3 {(02:30)} Nc4 {(00:23)} 31. Rc5 {(
00:50)} Be6 {(00:45)} 32. Kf2 {(00:15)} Rb6 {(02:18)} 33.
a3 {(01:36)} Nxa3 {(02:55)} 34. Ra1 {(00:14)} Nc4 {
(00:06)} 35. Rxa4 {(00:09)} Nb2 {(00:28)} 36. Ra8+ {
(03:43)} Ke7 {(00:04)} 37. Rc7+ {(01:37)} Kf6 {(00:
26)} 38. Rh8 {(00:41)} h6 {(00:16)} 39. g4 {(00:37)} Rxb4
{(00:22)} 40. Kg3 {(00:00)} Rb3 {(00:00)} 41. Rd8 {
(02:03)} Nc4 {(03:44)} 0-1

[Event "42nd Olympiad Baku 2016 Open"]
[Site "Baku"]
[Date "2016.09.04"]
[Round "3.5"]
[White "Wojciechowski, Paul"]
[Black "Ziska, Helgi Dam"]
[Result "0-1"]
[ECO "B87"]
[WhiteElo "1992"]
[BlackElo "2546"]
[Annotator ""]
[PlyCount "64"]
[EventDate "2016.??.??"]
[EventCountry "AZE"]
[SourceTitle "playchess.com"]
[Source "ChessBase"]
[WhiteTeam "Channel Islands"]
[BlackTeam "Faroe Islands"]
[WhiteTeamCountry "JCI"]
[BlackTeamCountry "FAI"]
[TimeControl "40/5400+30:1800+30"]

1. e4 {(00:00)} c5 {(00:00)} 2. Nf3 {(00:00)} d6 {(
00:00)} 3. d4 {(00:00)} cxd4 {(00:02)} 4. Nxd4 {(00:00)}
Nf6 {(00:09)} 5. Nc3 {(00:02)} a6 {(00:14)} 6. Bc4 {
(00:16)} e6 {(00:27)} 7. Bb3 {(00:13)} b5 {(00:28)}
8. O-O {(01:06)} Be7 {(00:39)} 9. f4 {(06:12)} Bb7 {
(01:11)} 10. Re1 {(06:15)} b4 {(04:44)} 11. e5 {(
19:06)} dxe5 {(22:07)} 12. fxe5 {(00:22)} Nfd7 {(01:03)}
13. Na4 {(15:32)} Nc6 {(15:27)} 14. Nf3 {(14:28)} Qc7 {
(15:50)} 15. Bf4 {(09:36)} Na5 {(11:58)} 16. Qe2 {(
03:25)} O-O {(03:56)} 17. c3 {(03:10)} Nxb3 {(02:53)} 18.
axb3 {(00:04)} bxc3 {(00:25)} 19. bxc3 {(00:41)} Nb6 {
(01:59)} 20. Qc2 {(08:45)} Rfc8 {(03:50)} 21. Rec1 {
(02:43)} Bxf3 {(03:39)} 22. gxf3 {(00:06)} Nd5 {(
00:33)} 23. Qe4 {(01:08)} Rab8 {(00:36)} 24. b4 {(01:06)}
Nxf4 {(01:20)} 25. Qxf4 {(00:07)} a5 {(02:25)} 26. bxa5 {
(00:42)} Qxa5 {(00:20)} 27. Qe4 {(01:17)} Qa6 {(04:
00)} 28. Kg2 {(04:04)} Rc4 {(01:19)} 29. Qc2 {(00:46)} Qc6
{(00:24)} 30. Nb2 {(01:18)} Rg4+ {(00:14)} 31. Kf2 {
(01:20)} Bc5+ {(00:13)} 32. Ke1 {(01:06)} Rg1+ {(
00:19)} 0-1

[Event "42nd Olympiad Baku 2016 Open"]
[Site "Baku"]
[Date "2016.09.04"]
[Round "3.10"]
[White "Zhigalko, Andrey"]
[Black "Bachmann, Axel"]
[Result "1/2-1/2"]
[ECO "A29"]
[WhiteElo "2591"]
[BlackElo "2641"]
[Annotator ""]
[PlyCount "83"]
[EventDate "2016.??.??"]
[EventCountry "AZE"]
[SourceTitle "playchess.com"]
[Source "ChessBase"]
[WhiteTeam "Belarus"]
[BlackTeam "Paraguay"]
[WhiteTeamCountry "BLR"]
[BlackTeamCountry "PAR"]
[TimeControl "40/5400+30:1800+30"]

1. c4 {(00:00)} e5 {(00:07)} 2. Nc3 {(00:00)} Nc6 {
(01:52)} 3. Nf3 {(00:25)} Nf6 {(06:47)} 4. g3 {(00:
07)} d5 {(06:26)} 5. cxd5 {(00:10)} Nxd5 {(00:05)} 6. Bg2
{(00:15)} Nb6 {(00:05)} 7. O-O {(01:22)} Be7 {(00:
07)} 8. d3 {(02:55)} O-O {(02:14)} 9. a3 {(00:34)} Be6 {
(04:27)} 10. Be3 {(00:16)} Nd5 {(05:15)} 11. Nxd5 {
(00:09)} Bxd5 {(00:04)} 12. Qa4 {(00:07)} a6 {(05:
40)} 13. Rac1 {(02:36)} Bd6 {(00:47)} 14. Ng5 {(38:51)}
Bxg2 {(05:47)} 15. Kxg2 {(00:04)} Nd4 {(23:16)} 16. Bxd4 {
(12:38)} exd4 {(01:57)} 17. Ne4 {(00:24)} Be7 {(00:
09)} 18. Qb3 {(00:23)} Rb8 {(00:29)} 19. f4 {(02:06)} Re8
{(03:16)} 20. f5 {(11:37)} c6 {(01:05)} 21. h4 {(
04:59)} Bf8 {(11:01)} 22. Rf2 {(02:39)} Re5 {(01:42)} 23.
h5 {(03:20)} Qd5 {(12:59)} 24. Qxd5 {(00:10)} cxd5 {
(00:03)} 25. Nd2 {(01:38)} Bd6 {(01:04)} 26. g4 {(
02:15)} Rbe8 {(00:18)} 27. Kf1 {(00:39)} Re3 {(00:56)} 28.
Nf3 {(00:40)} Bf4 {(03:13)} 29. Rb1 {(06:45)} h6 {(
00:48)} 30. Rg2 {(01:17)} Rc8 {(00:52)} 31. Nxd4 {(00:26)}
Rh3 {(00:13)} 32. Nf3 {(02:18)} Be3 {(00:04)} 33. Rh2 {
(00:32)} Rg3 {(00:17)} 34. Rg2 {(00:13)} Rh3 {(00:
04)} 35. Rh2 {(00:05)} Rxh2 {(02:27)} 36. Nxh2 {(00:01)}
Rc2 {(00:26)} 37. Nf3 {(00:35)} b5 {(01:05)} 38. Ke1 {
(04:04)} Rc1+ {(00:59)} 39. Rxc1 {(00:04)} Bxc1 {(
00:04)} 40. b3 {(00:00)} Bxa3 {(00:00)} 41. e4 {(07:55)}
dxe4 {(00:38)} 42. dxe4 {(00:06)} 1/2-1/2

[Event "42nd Olympiad Baku 2016 Open"]
[Site "Baku"]
[Date "2016.09.04"]
[Round "3.4"]
[White "Zhu, Chen"]
[Black "Battulga, Namkhai"]
[Result "1-0"]
[ECO "D11"]
[WhiteElo "2418"]
[BlackElo "2402"]
[Annotator ""]
[PlyCount "77"]
[EventDate "2016.??.??"]
[EventCountry "AZE"]
[SourceTitle "playchess.com"]
[Source "ChessBase"]
[WhiteTeam "Qatar"]
[BlackTeam "Mongolia"]
[WhiteTeamCountry "QAT"]
[BlackTeamCountry "MGL"]
[TimeControl "40/5400+30:1800+30"]

1. d4 {(00:00)} d5 {(00:00)} 2. c4 {(00:00)} c6 {(
00:00)} 3. Nf3 {(00:00)} Nf6 {(00:00)} 4. e3 {(00:00)} e6
{(00:00)} 5. b3 {(01:54)} a5 {(01:11)} 6. Bd3 {(02:
35)} a4 {(00:37)} 7. O-O {(00:20)} axb3 {(00:33)} 8. Qxb3
{(00:10)} dxc4 {(00:07)} 9. Bxc4 {(00:18)} Nbd7 {(
01:15)} 10. Be2 {(09:11)} Be7 {(07:30)} 11. Bb2 {(02:11)}
b6 {(01:14)} 12. Nc3 {(04:05)} O-O {(01:48)} 13. a4 {
(03:43)} Ba6 {(01:24)} 14. Rfe1 {(11:32)} Qc7 {(02:
24)} 15. Rac1 {(06:48)} Qb7 {(02:17)} 16. Nb5 {(04:56)}
Rfc8 {(02:22)} 17. Ne5 {(03:38)} Nxe5 {(02:48)} 18. dxe5 {
(00:07)} Nd7 {(00:04)} 19. Nd6 {(12:24)} Bxd6 {(00:
14)} 20. exd6 {(00:05)} Bxe2 {(05:41)} 21. Rxe2 {(00:14)}
c5 {(02:35)} 22. Rd2 {(01:28)} Qc6 {(00:25)} 23. Rc4 {
(00:40)} f6 {(04:21)} 24. e4 {(09:44)} Ra7 {(02:37]
} 25. f4 {(03:08)} Nf8 {(06:27)} 26. f5 {(01:49)} Kh8 {
(00:11)} 27. e5 {(00:39)} fxe5 {(00:53)} 28. fxe6 {
(00:38)} Nxe6 {(00:10)} 29. Bxe5 {(00:09)} Rf7 {(
03:51)} 30. h3 {(05:26)} Nf8 {(08:11)} 31. Kh2 {(07:52)}
Nd7 {(12:08)} 32. Bb2 {(01:28)} Kg8 {(08:45)} 33. Bxg7 {
(02:29)} Kxg7 {(00:36)} 34. Rg4+ {(01:40)} Kf8 {(
00:13)} 35. Qe3 {(00:47)} Nf6 {(07:56)} 36. Qh6+ {(00:03)}
Ke8 {(00:01)} 37. Rf4 {(00:31)} Kd8 {(17:09)} 38. Rxf6 {
(00:22)} Qe8 {(00:13)} 39. Re6 {(01:42)} 1-0

[Event "42nd Olympiad Baku 2016 Open"]
[Site "Baku"]
[Date "2016.09.04"]
[Round "3.23"]
[White "Abdul Rahman Ali"]
[Black "Teklay Teshager"]
[Result "1-0"]
[ECO "A45"]
[WhiteElo "1853"]
[BlackElo "1868"]
[Annotator ""]
[PlyCount "69"]
[EventDate "2016.??.??"]
[EventCountry "AZE"]
[SourceTitle "playchess.com"]
[Source "ChessBase"]
[WhiteTeam "Maldives"]
[BlackTeam "Ethiopia"]
[WhiteTeamCountry "MDV"]
[BlackTeamCountry "ETH"]
[TimeControl "40/5400+30:1800+30"]

1. d4 {(00:00)} Nf6 {(00:12)} 2. e3 {(00:00)} e6 {(
00:29)} 3. Bd3 {(00:00)} c5 {(01:06)} 4. c3 {(00:21)} Nc6
{(00:33)} 5. f4 {(00:10)} cxd4 {(02:51)} 6. exd4 {(
00:35)} Qa5 {(05:07)} 7. Nf3 {(00:32)} Bd6 {(03:27)} 8.
O-O {(00:12)} b6 {(01:04)} 9. Nbd2 {(00:31)} Qh5 {(
04:28)} 10. Nc4 {(00:41)} Bc7 {(00:30)} 11. Nce5 {(00:12)}
Bb7 {(08:00)} 12. Qe1 {(00:22)} d6 {(02:59)} 13. Nc4 {
(00:29)} Ne7 {(01:47)} 14. Ne3 {(00:38)} Ng6 {(04:
47)} 15. Qg3 {(04:14)} Rc8 {(06:15)} 16. f5 {(01:09)} Bxf3
{(11:46)} 17. Qxf3 {(00:45)} Qxf3 {(02:29)} 18. Rxf3 {
(00:07)} Ne7 {(00:41)} 19. fxe6 {(01:06)} fxe6 {(
00:16)} 20. Bb5+ {(00:08)} Kf7 {(02:02)} 21. Ng4 {(00:55)}
Nf5 {(03:00)} 22. Nxf6 {(00:27)} gxf6 {(00:00)} 23. d5 {
(01:27)} Rhg8 {(06:52)} 24. Bd7 {(00:15)} Ke7 {(01:
58)} 25. Bxe6 Nh4 26. Rf2 {(02:29)} b5 {(01:40)} 27. Be3 {
(00:16)} a6 {(01:01)} 28. Bd4 {(00:08)} f5 {(01:16]
} 29. Re1 {(00:10)} Nxg2 {(04:34)} 30. Rxg2 {(00:12)}
Rxg2+ {(00:17)} 31. Kxg2 Rf8 32. Bxf5+ {(02:02)} Kd8 {(00:
55)} 33. Bxh7 {(00:58)} Kc8 {(00:28)} 34. h4 {(00:48)} Bd8
{(01:31)} 35. h5 {(00:14)} 1-0

[Event "42nd Olympiad Baku 2016 Open"]
[Site "Baku"]
[Date "2016.09.04"]
[Round "3.28"]
[White "Abdulaziz, Mahmoud"]
[Black "Gasimov, Parviz"]
[Result "0-1"]
[ECO "A20"]
[WhiteElo "2123"]
[BlackElo "2323"]
[Annotator ""]
[PlyCount "62"]
[EventDate "2016.??.??"]
[EventCountry "AZE"]
[SourceTitle "playchess.com"]
[Source "ChessBase"]
[WhiteTeam "Lebanon"]
[BlackTeam "Azerbaijan"]
[WhiteTeamCountry "LBN"]
[BlackTeamCountry "AZE"]
[TimeControl "40/5400+30:1800+30"]

1. c4 {(00:00)} e5 {(00:00)} 2. g3 {(00:00)} Nf6 {(
00:00)} 3. Bg2 {(00:00)} d5 {(00:07)} 4. cxd5 {(00:00)}
Nxd5 {(00:04)} 5. Nc3 {(00:05)} Nb6 {(00:15)} 6. Nf3 {
(00:08)} Nc6 {(00:11)} 7. O-O {(00:07)} Be7 {(00:
34)} 8. a3 {(00:07)} O-O {(00:28)} 9. b4 {(00:14)} Be6 {
(00:56)} 10. d3 {(14:51)} a5 {(02:17)} 11. b5 {(07:
21)} Nd4 {(00:10)} 12. Bb2 {(03:15)} f6 {(03:01)} 13. Nxd4
{(06:45)} exd4 {(00:37)} 14. Ne4 {(13:58)} a4 {(20:
22)} 15. Rc1 {(06:37)} Ra5 {(06:15)} 16. Nc5 {(04:02)}
Bxc5 {(04:49)} 17. Rxc5 {(00:02)} Nd7 {(03:04)} 18. Rc1 {
(03:36)} Ne5 {(03:28)} 19. Qc2 {(08:55)} Rxb5 {(03:
59)} 20. Ba1 {(00:30)} c5 {(07:07)} 21. Qxa4 {(02:07)} Qb6
{(10:50)} 22. Qc2 {(05:22)} Bb3 {(11:36)} 23. Qd2 {
(00:42)} Ra8 {(00:41)} 24. e3 {(04:03)} Be6 {(04:
52)} 25. exd4 {(10:34)} cxd4 {(00:01)} 26. f4 {(01:31)}
Ng4 {(01:40)} 27. f5 {(01:02)} Bxf5 {(05:40)} 28. Rc4 {
(03:23)} Ne3 {(04:11)} 29. Bxd4 {(01:49)} Nxf1 {(
01:05)} 30. Bxf1 {(00:22)} Qd6 {(01:01)} 31. Qa2 {(00:43)}
Be6 {(00:32)} 0-1

[Event "42nd Olympiad Baku 2016 Open"]
[Site "Baku"]
[Date "2016.09.04"]
[Round "3.29"]
[White "Abdyjapar, Asyl"]
[Black "Arias, Lemnys A"]
[Result "1-0"]
[ECO "D15"]
[WhiteElo "2390"]
[BlackElo "2305"]
[Annotator ""]
[PlyCount "81"]
[EventDate "2016.??.??"]
[EventCountry "AZE"]
[SourceTitle "playchess.com"]
[Source "ChessBase"]
[WhiteTeam "Kyrgyzstan"]
[BlackTeam "El Salvador"]
[WhiteTeamCountry "KGZ"]
[BlackTeamCountry "ESA"]
[TimeControl "40/5400+30:1800+30"]

1. d4 {(00:00)} d5 {(00:00)} 2. c4 {(00:00)} c6 {(
00:00)} 3. Nc3 {(00:00)} Nf6 {(00:00)} 4. Nf3 {(00:00)} a6
{(00:00)} 5. c5 {(00:03)} g6 {(01:48)} 6. Bf4 {(01:
13)} Bg7 {(00:01)} 7. h3 {(01:18)} Ne4 {(04:53)} 8. e3 {
(00:19)} f5 {(01:25)} 9. Bd3 {(06:19)} Nd7 {(00:20]
} 10. O-O {(01:37)} O-O {(05:46)} 11. Bh2 {(06:40)} Qe8 {
(09:27)} 12. Qb3 {(04:03)} Kh8 {(00:05)} 13. Na4 {(
01:32)} e5 {(10:17)} 14. Nb6 {(05:51)} Nxb6 {(01:38)} 15.
Qxb6 {(00:14)} Nxf2 {(10:50)} 16. Rxf2 {(05:14)} e4 {
(00:12)} 17. Bd6 {(01:18)} Rf6 {(06:10)} 18. Ne5 {(
08:12)} exd3 {(00:36)} 19. Rd1 {(00:40)} Kg8 {(00:46)} 20.
Rxd3 {(00:36)} Re6 {(00:43)} 21. Rd1 {(08:17)} Bf8 {
(04:25)} 22. Bxf8 {(07:22)} Kxf8 {(00:28)} 23. g4 {
(06:01)} Re7 {(08:41)} 24. Rdf1 {(01:12)} Kg8 {(06:
31)} 25. h4 {(04:33)} Be6 {(08:18)} 26. g5 {(02:36)} Bf7 {
(04:53)} 27. Qb4 {(01:50)} Rxe5 {(01:46)} 28. dxe5 {
(00:07)} Qxe5 {(00:02)} 29. Qd4 {(04:42)} Re8 {(01:
14)} 30. Rf3 {(00:54)} Qc7 {(02:16)} 31. Rf4 {(01:18)} Re4
{(02:54)} 32. Qd2 {(01:26)} Qe5 {(04:30)} 33. Kf2 {
(06:28)} d4 {(04:50)} 34. Rxe4 {(00:43)} fxe4 {(00:
01)} 35. exd4 {(01:44)} Qh2+ {(00:08)} 36. Ke1 {(00:13)}
Qxh4+ {(00:26)} 37. Qf2 {(00:28)} Qxf2+ {(00:09)} 38. Kxf2
{(00:33)} Bxa2 {(00:51)} 39. Ke3 {(00:05)} Bc4 {(
01:27)} 40. Rf6 {(00:00)} Bd5 {(00:00)} 41. Kf4 {(00:55)}
1-0

[Event "42nd Olympiad Baku 2016 Open"]
[Site "Baku"]
[Date "2016.09.04"]
[Round "3.10"]
[White "Adly, Ahmed"]
[Black "Ramos, Efren Andres"]
[Result "1-0"]
[ECO "A12"]
[WhiteElo "2603"]
[BlackElo "2199"]
[Annotator ""]
[PlyCount "83"]
[EventDate "2016.??.??"]
[EventCountry "AZE"]
[SourceTitle "playchess.com"]
[Source "ChessBase"]
[WhiteTeam "Egypt"]
[BlackTeam "Panama"]
[WhiteTeamCountry "EGY"]
[BlackTeamCountry "PAN"]
[TimeControl "40/5400+30:1800+30"]

1. Nf3 {(00:00)} Nf6 {(00:00)} 2. c4 {(00:00)} c6 {
(00:00)} 3. g3 {(00:00)} d5 {(00:00)} 4. b3 {(00:
00)} Bf5 {(02:06)} 5. Bg2 {(00:04)} e6 {(00:06)} 6. O-O {
(00:10)} Nbd7 {(00:36)} 7. d3 {(00:09)} h6 {(00:17]
} 8. Bb2 {(00:12)} Bc5 {(00:17)} 9. Nbd2 {(01:01)} O-O {
(00:40)} 10. Qb1 {(04:41)} a5 {(03:18)} 11. a3 {(
00:23)} b5 {(05:38)} 12. b4 {(01:24)} Bb6 {(03:08)} 13. c5
{(01:35)} Bc7 {(00:07)} 14. Nd4 {(00:07)} Ra6 {(01:
15)} 15. a4 {(08:46)} bxa4 {(03:42)} 16. Rxa4 {(00:58)}
Bg4 {(01:02)} 17. e4 {(07:22)} Qa8 {(03:07)} 18. exd5 {
(00:59)} Nxd5 {(01:45)} 19. b5 {(00:10)} cxb5 {(06:
13)} 20. Nxb5 {(02:02)} Bf5 {(16:12)} 21. Nxc7 {(00:45)}
Qc6 {(00:09)} 22. Nxd5 {(08:51)} Qxa4 {(00:27)} 23. Ne7+ {
(00:13)} Kh8 {(04:53)} 24. c6 {(00:11)} Bh7 {(15:
19)} 25. cxd7 {(00:51)} Qxd7 {(00:12)} 26. Qa1 {(00:02)}
f6 {(01:33)} 27. Ba3 {(00:28)} Re8 {(05:31)} 28. Ne4 {
(00:56)} Bxe4 {(01:07)} 29. Bxe4 {(00:29)} Rxe7 {(
06:42)} 30. Bxe7 {(00:07)} Qxe7 {(00:07)} 31. Qc3 {(00:05]
} Rd6 {(03:04)} 32. Ra1 {(00:57)} f5 {(00:27)} 33. Bg2 {
(00:03)} Qd7 {(00:18)} 34. Bf1 {(00:39)} a4 {(00:
10)} 35. Qa5 {(00:07)} Rd4 {(00:10)} 36. Rb1 {(00:05)} Qd6
{(02:39)} 37. Rb6 {(00:31)} Qd7 {(00:33)} 38. Qa8+ {
(01:54)} Kh7 {(05:12)} 39. Rb7 {(00:07)} Qd5 {(01:
51)} 40. Qa7 {(00:00)} Qe5 {(00:00)} 41. f4 {(00:10)} Qf6
{(03:33)} 42. Rf7 {(02:02)} 1-0